 Dungeon Crawl Stone Soup version 0.17-a0-1882-g750edc8 (webtiles) character file.

3757 Banto the Basher (level 10, -1/100 HPs)
             Began as an Ogre Hunter on Sept 22, 2015.
             Was a Follower of Ru.
             Killed by nerve-wracking pain
             ... invoked by an orc priest
              (11 damage)
             ... on level 8 of the Dungeon.
             The game lasted 00:14:38 (7408 turns).

Banto the Basher (Ogre Hunter)                      Turns: 7408, Time: 00:14:38

Health: -1/100     AC: 10    Str: 15      XL:     10   Next: 15%
Magic:  10/10      EV: 10    Int: 10      God:    Ru [*.....]
Gold:   124        SH:  0    Dex: 16 (17) Spells: 0 memorised, 9 levels left

rFire  + . .     SeeInvis .     c - +0 flail
rCold  . . .     Clarity  .     A - +0 steam dragon armour
rNeg   . . .     SustAt   .     (no shield)
rPois  .         Gourm    .     (helmet restricted)
rElec  .         Spirit   .     (no cloak)
rCorr  .         Warding  .     (gloves unavailable)
rMut   .         Stasis   .     (boots unavailable)
MR     +....                    a - amulet of regeneration
Stlth  ++........               o - +5 ring of dexterity
                                s - ring of protection from fire

@: no potions, somewhat resistant to hostile enchantments, unstealthy
A: unfitting armour, antennae 1, rough black scales 1, mutation resistance 1,
tough skin 1, weak 2, inability to drink while threatened, MP-powered wands
a: Renounce Religion


You were on level 8 of the Dungeon.
You worshipped Ru.
Ru was aware of your devotion.
You were not hungry.

You visited 2 branches of the dungeon, and saw 9 of its levels.

You collected 299 gold pieces.
You spent 175 gold pieces at shops.

Inventory:

Hand weapons
 c - a +0 flail (weapon)
Missiles
 p - a throwing net
 x - 2 large rocks
 E - 2 tomahawks (quivered)
Armour
 A - a +0 steam dragon armour (worn)
Jewellery
 a - an amulet of regeneration (around neck)
 b - an uncursed ring of protection from fire
 d - an uncursed amulet of warding
 o - a +5 ring of dexterity (right hand)
 s - a ring of protection from fire (left hand)
 y - an uncursed amulet of the gourmand
 B - an uncursed amulet of resist corrosion
Magical devices
 i - a wand of hasting (8)
 C - a wand of disintegration (4)
 G - a wand of flame (14)
 H - a wand of fire (0)
 J - a wand of teleportation (4)
Scrolls
 f - a scroll of magic mapping
 g - 4 scrolls of fear
 h - 7 scrolls of remove curse
 l - a scroll of recharging
 v - 2 scrolls of enchant armour
 K - a scroll of teleportation
Potions
 j - a potion of resistance
 m - 3 potions of agility
 n - 7 potions of curing
 q - a potion of invisibility
 t - a potion of brilliance {unknown}
 u - a potion of berserk rage {unknown}
 z - 2 potions of degeneration {unknown}
 D - a potion of haste {unknown}
 F - a potion of magic {unknown}
 I - a potion of heal wounds
Books
 M - a book of Party Tricks

   Spells                             Type                      Level
   a - Summon Butterflies             Summoning                    1
   b - Apportation                    Translocation                1
   c - Tukima's Dance                 Hexes                        3
   d - Alistair's Intoxication        Transmutation/Poison         4
   e - Invisibility                   Hexes                        6
Comestibles
 e - 5 bread rations
 k - 3 meat rations
 r - a slice of pizza
 w - a royal jelly
 L - 4 chunks of flesh


   Skills:
 + Level 6.3 Fighting
 + Level 11.9 Maces & Flails
 - Level 11.4 Throwing
 - Level 1.7 Dodging
 - Level 0.7 Stealth


You had 9 spell levels left.
You didn't know any spells.

Dungeon Overview and Level Annotations

Branches:
Dungeon (8/15)             Temple (1/1) D:7
   Lair: D:8-11

Altars:
Ashenzari
Cheibriados
Dithmenos
Elyvilon
Fedhas
Gozag
Kikubaaqudgha
Makhleb
Nemelex Xobeh
Okawaru
Qazlal
Ru
Sif Muna
Trog
Vehumet
Xom
Yredelemnul
Zin
The Shining One

Shops:
D:7 !


Innate Abilities, Weirdness & Mutations

You are too large for most types of armour.
You have tough skin (AC +1).
You cannot drink potions while threatened.
You have a pair of small antennae on your head.
You are partially covered in rough black scales (AC +4, Dex -1).
You are somewhat resistant to further mutation.
You are very weak. (Str -4)
You expend magic power (3 MP) to strengthen your wands.


Message History

Pain shoots through your body!
The orc priest mumbles some strange prayers to Beogh against you.
Something smites you!
* * * LOW HITPOINT WARNING * * *
The orc warrior hits you from afar with a halberd!
* * * LOW HITPOINT WARNING * * *
Found a stone staircase leading up.
The orc priest casts a cantrip, but nothing happens.
The orc priest begins to pray, but is stunned by your will!
The orc priest mumbles some strange prayers to Beogh against you.
Something smites you!
* * * LOW HITPOINT WARNING * * *
Found a bread ration.
The orc priest miscasts a cantrip.
The necrophage barely misses you.
Found 7 gold pieces.
The orc priest looks braver for a moment.
The orc priest mumbles some strange prayers to Beogh against you.
Pain shoots through your body!
You die...

#.........#
#.........#
#.........#
#.........#
#...%.....# .
#.........#..
#............
#....@....... #
#$........... #
####.n.....#. #
###.oo...### #
#........# #
#########.o#.Z...# #
#..........##...##
####...............#
..##.........o##.#.#


You could see an orc warrior, a necrophage, 2 orc priests and a giant frog
zombie.

Vanquished Creatures
  The ghost of Ebilmort the Cleaver, an experienced MiBe of Trog (D:8)
  Pikel (D:7)
  Grinder (D:4)
  3 hungry ghosts (D:7)
  2 hippogriffs
  Menkaure (D:4)
  An orc warrior (D:7)
  A sky beast (D:6)
  2 big kobolds (D:7)
  A giant frog (D:6)
  A gnoll sergeant (D:7)
  A water moccasin zombie (D:7)
  3 scorpions
  3 wights (D:6)
  3 killer bees (D:7)
  3 hounds
  A crimson imp (D:6)
  2 orc priests
  A giant frog zombie (D:8)
  A quasit (D:8)
  A centaur skeleton (D:6)
  A centaur zombie (D:8)
  2 iguanas
  4 orc wizards
  3 worker ants
  3 gnolls (D:7)
  10 adders
  An ooze (D:2)
  An adder skeleton (D:6)
  3 worms
  30 orcs
  4 bats
  9 giant cockroaches
  5 hobgoblins
  24 jackals
  10 kobolds
  7 quokkas
  2 ball pythons (D:3)
  A giant gecko (D:3)
  4 giant newts
  3 goblins
  6 rats
167 creatures vanquished.

Vanquished Creatures (others)
  A killer bee (D:7)
  A centaur skeleton (D:7)
  3 adders (D:7)
  4 kobolds (D:7)
  4 plants (D:8)
13 creatures vanquished.

Grand Total: 180 creatures vanquished

Notes
Turn   | Place    | Note
--------------------------------------------------------------
     0 | D:1      | Banto the Ogre Hunter began the quest for the Orb.
     0 | D:1      | Reached XP level 1. HP: 22/22 MP: 1/1
    92 | D:1      | Reached XP level 2. HP: 8/31 MP: 2/2
  1155 | D:2      | Reached XP level 3. HP: 34/39 MP: 3/3
  1361 | D:2      | Reached skill level 5 in Throwing
  1723 | D:2      | Reached XP level 4. HP: 36/49 MP: 4/4
  1846 | D:2      | Found a blossoming altar of Fedhas.
  2372 | D:3      | Reached skill level 5 in Fighting
  2725 | D:3      | Reached XP level 5. HP: 36/57 MP: 5/5
  2992 | D:3      | Reached skill level 6 in Fighting
  3669 | D:4      | Noticed Menkaure
  3674 | D:4      | Killed Menkaure
  3674 | D:4      | Reached XP level 6. HP: 60/67 MP: 6/6
  3754 | D:4      | HP: 1/67 [iguana (14)]
  4000 | D:4      | Noticed Grinder
  4045 | D:4      | HP: 5/100 [orc wizard/magic dart (6)]
  4056 | D:4      | Reached XP level 7. HP: 19/75 MP: 7/7
  4301 | D:4      | Found a sacrificial altar of Ru.
  4301 | D:4      | Found a stormy altar of Qazlal.
  4301 | D:4      | Found a shattered altar of Ashenzari.
  4347 | D:4      | Became a worshipper of Ru the Awakened
  4371 | D:4      | Paralysed by Grinder for 3 turns
  4378 | D:4      | Killed Grinder
  4378 | D:4      | Reached skill level 5 in Maces & Flails
  4378 | D:4      | Reached skill level 7 in Throwing
  4859 | D:5      | Entered Level 5 of the Dungeon
  5287 | D:6      | Reached XP level 8. HP: 74/83 MP: 8/8
  5536 | D:6      | Reached skill level 8 in Throwing
  5867 | D:6      | Noticed a hippogriff
  5873 | D:6      | Killed a hippogriff
  5886 | D:6      | Gained mutation: You cannot drink potions while threatened. [Ru sacrifice]
  5886 | D:6      | Acquired Ru's first power
  6157 | D:6      | Reached skill level 9 in Throwing
  6173 | D:6      | Gained mutation: Your flesh is heat resistant. [mutagenic meat]
  6174 | D:6      | Lost mutation: Your flesh is heat resistant. [mutagenic meat]
  6175 | D:6      | Gained mutation: You are weak. (Str -2) [mutagenic meat]
  6294 | D:7      | HP: 2/83 [gnoll sergeant/enchanted spear (8)]
  6300 | D:7      | HP: 1/83 [kobold/wand of fire (5)]
  6371 | D:7      | Reached XP level 9. HP: 48/89 MP: 9/9
  6406 | D:7      | Found Jagidgh's Distillery.
  6415 | D:7      | Bought a potion of mutation for 35 gold pieces
  6415 | D:7      | Bought a potion of heal wounds for 70 gold pieces
  6415 | D:7      | Bought 2 potions of poison for 28 gold pieces
  6415 | D:7      | Bought a potion of curing for 42 gold pieces
  6416 | D:7      | Gained mutation: You are partially covered in rough black scales (AC +4, Dex -1). [potion of mutation]
  6416 | D:7      | Gained mutation: You are very weak. (Str -4) [potion of mutation]
  6416 | D:7      | Gained mutation: You expend magic power (3 MP) to strengthen your wands. [potion of mutation]
  6417 | D:7      | Gained mutation: You are somewhat resistant to further mutation. [potion of mutation]
  6417 | D:7      | Gained mutation: You have a pair of small antennae on your head. [potion of mutation]
  6484 | D:7      | Noticed Pikel
  6540 | D:7      | Killed Pikel
  6540 | D:7      | Reached skill level 10 in Maces & Flails
  6540 | D:7      | Reached skill level 10 in Throwing
  6601 | D:7      | Found a staircase to the Ecumenical Temple.
  6637 | Temple   | Entered the Ecumenical Temple
  6949 | D:7      | Found a sacrificial altar of Ru.
  7060 | D:7      | Reached skill level 11 in Maces & Flails
  7124 | D:8      | Noticed Ebilmort's ghost (experienced MiBe)
  7231 | D:8      | Killed Ebilmort's ghost
  7231 | D:8      | Reached XP level 10. HP: 69/98 MP: 10/10
  7408 | D:8      | Killed from afar by an orc priest

Vault maps used:
D:1:      dpeg_arrival_connections, serial_bayou_lagoon_b
D:2:      fedhas_altar_fruit_tree
D:3:      first_bread
D:4:      gammafunk_temple_overflow_forgotten, uniq_menkaure, uniq_grinder
D:7:      minmay_temple_entry_glassed_door, serial_shops, nicolae_shop_trees,
          basic_altar, uniq_pikel
D:8:      david_lair_shrubbed
Temple:   lightli_temple_of_artemis

Action                   |  1- 3 |  4- 6 |  7- 9 | 10-12 || total
-------------------------+-------+-------+-------+-------++-------
Melee: Short sword       |   160 |   173 |       |       ||   333
       Whip              |       |    14 |       |       ||    14
       Flail             |       |    57 |   378 |    40 ||   475
Throw: Large rock        |     2 |    14 |    13 |       ||    29
       Throwing net      |       |       |     3 |       ||     3
       Tomahawk          |       |       |    33 |     3 ||    36
       Javelin           |       |       |       |     3 ||     3
Invok: Sacrifice Drink   |       |       |     1 |       ||     1
Evoke: Wand              |       |       |     7 |       ||     7
  Use: Scroll            |     6 |     6 |     4 |       ||    16
       Potion            |       |     2 |     2 |       ||     4
 Stab: Sleeping          |     1 |     1 |     5 |       ||     7
       Held in net/web   |       |       |     1 |       ||     1
       Distracted        |       |       |     1 |       ||     1
  Eat: Chunk             |     3 |     7 |    17 |     2 ||    29
       Fruit             |       |       |     6 |       ||     6
       Beef jerky        |       |       |     2 |       ||     2
